 Dungeon Crawl Stone Soup version 0.25.1-2-g60ff931df9 (webtiles) character file.

Game seed: 10666028091106199157

1487 hawla the Stinger (level 8, -2/62 HPs)
             Began as a Grey Draconian Venom Mage on Nov 16, 2020.
             Slain by an orc warrior
             ... wielding a +0 battleaxe
              (11 damage)
             ... on level 6 of the Dungeon.
             The game lasted 00:22:49 (6525 turns).

hawla the Stinger (Grey Draconian Venom Mage)       Turns: 6525, Time: 00:22:49

Health: -2/62      AC: 15    Str: 11    XL:     8   Next: 50%
Magic:  0/15       EV: 12    Int: 17    God:
Gold:   232        SH:  0    Dex: 12    Spells: 4/16 levels left

rFire    . . .     SeeInvis .   k - +1 whip
rCold    . . .     Gourm    .   (no shield)
rNeg     . . .     Faith    .   (armour unavailable)
rPois    .         Spirit   .   (helmet restricted)
rElec    +         Reflect  .   (no cloak)
rCorr    .         Harm     .   (no gloves)
MR       +....     Rnd*Rage +   (no boots)
Stlth    ++........             i - amulet of regeneration
HPRegen  0.60/turn              a - ring of protection from magic
MPRegen  0.14/turn              s - +4 ring of protection

@: about to teleport, radiating poison
A: walk through water, unfitting armour, berserk 1, robust 1, electricity
resistance, unbreathing, evolution 1, cold-blooded, AC +11
a: no special abilities


You were on level 6 of the Dungeon.
You were hungry.

You visited 1 branch of the dungeon, and saw 6 of its levels.

You collected 232 gold pieces.

Inventory:

Hand Weapons
 k - a +1 whip (weapon)
Missiles
 g - 3 curare-tipped darts (quivered)
Jewellery
 a - a ring of protection from magic (left hand)
 i - an amulet of regeneration (around neck)
 j - a +4 ring of protection
 r - an uncursed ring of protection from fire
 s - a +4 ring of protection (right hand)
Wands
 e - a wand of enslavement (1)
Scrolls
 c - a scroll of teleportation
 f - a scroll of amnesia
 h - a scroll of enchant armour
 q - 4 scrolls of remove curse
Potions
 d - 2 potions of curing
 l - a potion of stabbing
 m - a potion of cancellation
 p - a potion of mutation
Comestibles
 b - 4 rations
 n - 5 chunks of flesh


   Skills:
 - Level 1.7 Dodging
 - Level 1.7 Stealth
 + Level 4.7 Spellcasting
 + Level 3.5 Translocations
 - Level 4.6 Transmutations
 - Level 2.6 Fire Magic
 - Level 2.2 Air Magic
 + Level 6.6 Poison Magic


You had 4 spell levels left.
You knew the following spells:

 Your Spells              Type           Power        Failure   Level  Hunger
a - Gell's Gravitas       Tloc           ###.......   10%         3    ###....
b - Poisonous Vapours     Pois/Air       ###...       3%          2    #......
c - Olgreb's Toxic Radia  Pois           ####....     10%         4    ####...
d - Ignite Poison         Fire/Tmut/Pois ###.....     7%          3    ###....

Your spell library contained the following spells:

 Spells                   Type           Power        Failure   Level  Hunger
 Sting                    Tmut/Pois      ###.         1%          1    None
 Mephitic Cloud           Conj/Pois/Air  ##......     13%         3    ###....
 Confusing Touch          Hex            #.......     41%         3    ###....
 Petrify                  Tmut/Erth      ##......     50%         4    ####...
 Yara's Violent Unravell  Hex/Tmut       ##........   83%         5    ######.
 Metabolic Englaciation   Hex/Ice        #.........   99%         5    ######.


Dungeon Overview and Level Annotations

Branches:
Dungeon (6/15)
 Temple: D:4-7

Altars:
Okawaru
Ru
Uskayaw

Annotations:
D:6 Duvessa


Innate Abilities, Weirdness & Mutations

You can walk through water.
Your dull iron-grey scales are very hard. (AC +11)
You cannot fit into any form of body armour.
You can survive without breathing.
You are cold-blooded and may be slowed by cold attacks.
You tend to lose your temper in combat.
You are robust. (+10% HP)
You are resistant to electric shocks. (rElec)
You evolve.


Message History

Duvessa barely misses you.
As you read the scroll of teleportation, it crumbles to dust.
You feel strangely unstable. Duvessa hits you with a +0 short sword!
* * * LOW HITPOINT WARNING * * *
The orc priest mumbles some strange prayers to Beogh against you.
Pain shoots through your body!
* * * LOW HITPOINT WARNING * * *
The orc warrior hits you with a +0 battleaxe.
* * * LOW HITPOINT WARNING * * *
Casting: Poisonous Vapours (safe; 3% risk of failure)
Confirm with . or Enter, or press ? or * to list all spells.
You begin to radiate toxic energy.
Duvessa is poisoned.
The orc warrior is poisoned.
The orc priest is poisoned.
You are feeling hungry.
Duvessa looks even sicker.
The orc warrior looks even sicker.
Duvessa misses you.
The orc priest hits you but does no damage.
Duvessa barely misses you.
The orc warrior hits you with a +0 battleaxe!
You die...

,,,,,,,,***#..##*#..# #..รท.#
,,,,,,,** *#..###..## #....#
,,,,,,** *#.......#### ##....#
,,,,,** ##..####....###....##
,,,,,,** ##..###........#....#
,,,,,,,#####...#..............##
,,,,,,,...?.................#..#*
,,,,,,,....#)................#..#
,,**,,,..#.....o@e...............
,****,,.#.......o.....)..........
** **,..........................
* **,........)................. *
*,,........................##
*,,..........(..........*****
*,,,,...............,,,,* *
**,,,,...............,,,**
*,,,**,,,,,,,,,,,,,,,,,,,*****


You could see Duvessa (berserk, fast, very poisoned), an orc warrior (very
poisoned) and an orc priest (poisoned).

Vanquished Creatures
  Menkaure (D:4)
  A sky beast (D:5)
  An orc warrior (D:6)
  A necrophage (D:6)
  2 ogres
  2 centaurs
  A jelly (D:5)
  A gnoll sergeant (D:3)
  Dowan (D:6)
  2 orc priests
  A hound (D:4)
  A gnoll shaman (D:5)
  3 orc wizards
  An iguana (D:6)
  Ijyb (D:4)
  2 worker ants
  9 gnolls
  9 adders
  2 oozes
  A worm (D:4)
  A dart slug (D:2)
  3 leopard geckos
  16 orcs
  5 bats
  3 giant cockroaches (D:4)
  3 goblins
  6 hobgoblins
  4 jackals (D:2)
  3 kobolds
  4 quokkas
  2 ball pythons
  10 frilled lizards
  9 rats
  A toadstool (D:1)
113 creatures vanquished.

Vanquished Creatures (collateral kills)
  A bullfrog (D:5)
1 creature vanquished.

Vanquished Creatures (others)
  A gnoll (D:5)
  An orc (D:6)
  6 toadstools (D:1)
8 creatures vanquished.

Grand Total: 122 creatures vanquished

Notes
Turn   | Place    | Note
-------+----------+-------------------------------------------
     0 | D:1      | hawla the Draconian Venom Mage began the quest for the Orb.
     0 | D:1      | Reached XP level 1. HP: 14/14 MP: 3/3
   501 | D:1      | Reached XP level 2. HP: 20/20 MP: 1/5
  1425 | D:2      | Reached XP level 3. HP: 26/26 MP: 2/6
  1429 | D:2      | Learned a level 2 spell: Poisonous Vapours
  2027 | D:2      | Noticed a centaur
  2037 | D:2      | Killed a centaur
  2037 | D:2      | Reached skill level 1 in Air Magic
  2037 | D:2      | Reached skill level 4 in Poison Magic
  2037 | D:2      | Reached XP level 4. HP: 11/33 MP: 0/7
  2037 | D:2      | Reached XP level 5. HP: 13/38 MP: 0/8
  2043 | D:2      | Learned a level 4 spell: Olgreb's Toxic Radiance
  2949 | D:3      | Reached XP level 6. HP: 45/45 MP: 0/9
  3591 | D:3      | Found a sacrificial altar of Ru.
  3592 | D:3      | Found an iron altar of Okawaru.
  3791 | D:3      | Learned a level 3 spell: Ignite Poison
  3807 | D:4      | Noticed Menkaure
  3998 | D:4      | Reached skill level 5 in Poison Magic
  4058 | D:4      | Reached skill level 1 in Fire Magic
  4435 | D:4      | Your scales start taking on a dull iron-grey colour.
  4435 | D:4      | Reached XP level 7. HP: 41/50 MP: 0/11
  4435 | D:4      | Gained mutation: You can survive without breathing. [Grey
                  | Draconian growth]
  4525 | D:4      | Learned a level 3 spell: Gell's Gravitas
  4732 | D:4      | Found a hide-covered altar of Uskayaw.
  4961 | D:4      | Noticed Ijyb
  4967 | D:4      | Killed Ijyb
  4973 | D:4      | Killed Menkaure
  4973 | D:4      | Reached skill level 1 in Translocations
  5349 | D:5      | Entered Level 5 of the Dungeon
  5854 | D:5      | Reached XP level 8. HP: 57/57 MP: 3/14
  6068 | D:6      | Reached skill level 6 in Poison Magic
  6081 | D:6      | Gained mutation: You are robust. (+10% HP) [potion of
                  | mutation]
  6081 | D:6      | Gained mutation: You tend to lose your temper in combat.
                  | [potion of mutation]
  6081 | D:6      | Gained mutation: You evolve. [potion of mutation]
  6085 | D:6      | Gained mutation: You are resistant to electric shocks.
                  | (rElec) [evolution]
  6501 | D:6      | Noticed Duvessa
  6503 | D:6      | Noticed Dowan
  6519 | D:6      | Killed Dowan
  6525 | D:6      | Slain by an orc warrior

Illustrated notes

Levels and vault maps discovered:
D:1:      nagdon_arrival_zigzag_paths, layout_loops_ring
D:2:      minmay_angry_zag, layout_loops_cross
D:3:      layout_basic, gammafunk_temple_overflow_pools, chequers_jeans
D:4:      layout_cave_pods, eat_drink_and_be_merry_uskayaw, first_ration,
          uniq_menkaure, uniq_ijyb
D:5:      layout_basic, minmay_temple_entry_glassed_door, sword_in_stone
D:6:      layout_layer_cave, nicolae_overflow_hidden_temple, uniq_duvessa

Skill      XL: |  1  2  3  4  5  6  7  8 |
---------------+-------------------------+-----
Transmutations | 2 3 4 |  4.6
Air Magic      | 1 2 |  2.2
Poison Magic   | 4 5 6 |  6.6
Spellcasting   | 3 4 |  4.7
Fire Magic     | 1 2 |  2.6
Translocations | 2 3 |  3.5
Dodging        | |  1.7
Stealth        | |  1.7

Action                   |  1- 3 |  4- 6 |  7- 9 || total
-------------------------+-------+-------+-------++-------
Melee: Unarmed           |     9 |       |       ||     9
       Whip              |     7 |    24 |   205 ||   236
       Tailslap          |     2 |     1 |    18 ||    21
Throw: Dart              |       |     2 |     5 ||     7
 Cast: Sting             |    44 |    10 |       ||    54
       Poisonous Vapours |     9 |    38 |    16 ||    63
       Olgreb's Toxic Ra |       |     8 |    15 ||    23
       Ignite Poison     |       |     1 |     1 ||     2
       Gell's Gravitas   |       |       |     6 ||     6
Evoke: Wand              |       |       |     9 ||     9
  Use: Scroll            |       |    10 |     4 ||    14
       Potion            |       |       |     4 ||     4
  Eat: Chunk             |     5 |    11 |     8 ||    24
       Ration            |       |       |     1 ||     1
Armor: Skin              |    22 |    22 |   143 ||   187
Dodge: Dodged            |    28 |    35 |   149 ||   212
